 Dungeon Crawl Stone Soup version 0.19.4-8-ga85b6b9 (webtiles) character file.

10595 dngmouse the Martial Artist (level 11, -4/89 HPs)
             Began as a Minotaur Transmuter on Feb 12, 2017.
             Was an Elder of Cheibriados.
             Killed by divine providence
             ... invoked by an orc priest
              (13 damage)
             ... on level 11 of the Dungeon.
             The game lasted 00:53:27 (13132 turns).

dngmouse the Martial Artist (Minotaur Transmuter)  Turns: 13132, Time: 00:53:30

Health: -4/89      AC:  7    Str: 24    XL:     11   Next: 38%
Magic:  23/23      EV: 20    Int: 25    God:    Cheibriados [****..]
Gold:   624        SH:  5    Dex: 25    Spells: 4 memorised, 1 level left

rFire  . . .     SeeInvis .       - Unarmed
rCold  . . .     Gourm    .     w - +0 robe {rN+}
rNeg   + . .     Faith    .     u - +0 buckler
rPois  +         Spirit   .     Q - +3 hat of Pondering {ponderous, MR+ MP+10 Int+5}
rElec  .         Reflect  .     B - +1 cloak {rPois}
rCorr  .         Harm     .     (no gloves)
MR     +....                    (boots currently unavailable)
Stlth  +++.......               (no amulet)
                                (no ring)
                                y - ring of stealth

@: appendage, very slow
A: retaliatory headbutt, horns 2, talons 3
a: End Transformation, Bend Time, Temporal Distortion, Slouch, Renounce Religion


You were on level 11 of the Dungeon.
You worshipped Cheibriados.
Cheibriados was greatly pleased with you.
You were near starving.
You had grown temporary talons.
You visited 2 branches of the dungeon, and saw 12 of its levels.

You collected 624 gold pieces.

Inventory:

Missiles
 a - 159 arrows
 e - a throwing net
 o - 11 tomahawks (quivered)
Armour
 u - a +0 buckler (worn)
 w - a +0 robe of positive energy (worn)
 A - a +0 pair of boots
 B - a +1 cloak of poison resistance (worn)
 Q - the +3 hat of Pondering (worn) {ponderous, MR+ MP+10 Int+5}
   (You took it off Gastronok on level 9 of the Dungeon)

   It affects your intelligence (+5).
   It affects your resistance to hostile enchantments.
   It affects your magic capacity (+10).
Jewellery
 y - a ring of stealth (left hand)
Wands
 m - a wand of disintegration (3/24)
 q - a wand of iceblast (15/15)
 z - a wand of lightning (5/15)
Scrolls
 g - a scroll of fear
 h - a scroll of noise
 i - 11 scrolls of identify
 j - 2 scrolls of teleportation
 n - 7 scrolls of remove curse {unknown}
 D - a scroll of enchant armour
 H - a scroll of blinking {unknown}
 L - a scroll of amnesia {unknown}
 O - a scroll of summoning {unknown}
Potions
 b - a potion of agility
 t - a potion of resistance
 I - 2 potions of curing
 N - a potion of might
Books
 c - a book of Changes

   Spells                             Type                      Level
   a - Beastly Appendage              Transmutation                1
   b - Sticks to Snakes               Transmutation                2
   c - Spider Form                    Transmutation/Poison         3
   d - Ice Form                       Ice/Transmutation            4
   e - Blade Hands                    Transmutation                5
 k - a book of Cantrips

   Spells                             Type                      Level
   a - Confusing Touch                Hexes                        1
   b - Animate Skeleton               Necromancy                   1
   c - Summon Small Mammal            Summoning                    1
   d - Apportation                    Translocation                1
 x - the Catalogue of Evil
   (You found it on level 4 of the Dungeon)

   Spells                             Type                      Level
   a - Corpse Rot                     Necromancy                   2
   b - Regeneration                   Charms/Necromancy            3
   c - Excruciating Wounds            Charms/Necromancy            5
   d - Agony                          Necromancy                   5
   e - Cigotuvi's Embrace             Necromancy                   5
 E - a book of Misfortune

   Spells                             Type                      Level
   a - Confusing Touch                Hexes                        1
   b - Confuse                        Hexes                        3
   c - Gell's Gravitas                Hexes/Translocation          3
   d - Petrify                        Transmutation/Earth          4
   e - Metabolic Englaciation         Hexes/Ice                    5
   f - Yara's Violent Unravelling     Hexes/Transmutation          5
 P - a book of Enchantments

   Spells                             Type                      Level
   a - Cause Fear                     Hexes                        4
   b - Yara's Violent Unravelling     Hexes/Transmutation          5
   c - Silence                        Hexes/Air                    5
   d - Deflect Missiles               Charms/Air                   6
   e - Discord                        Hexes                        8
Miscellaneous
 S - a box of beasts
Comestibles
 d - 11 bread rations
 r - 7 meat rations


   Skills:
 + Level 5.9 Fighting
 + Level 9.0 Dodging
 * Level 13.3 Unarmed Combat
 - Level 1.3 Spellcasting
 + Level 7.1 Transmutations
 + Level 4.5 Invocations


You had one spell level left.
You knew the following spells:

 Your Spells              Type           Power        Failure   Level  Hunger
a - Beastly Appendage     Tmut           #####.       1%          1    #......
b - Sticks to Snakes      Tmut           #####...     1%          2    ###....
c - Spider Form           Tmut/Pois      ###.......   17%         3    ###....
d - Blade Hands           Tmut           #####.....   34%         5    ######.


Dungeon Overview and Level Annotations

Branches:
Dungeon (11/15)            Temple (1/1) D:7            Lair (0/6) D:11
    Orc (0/2) D:10

Altars:
Ashenzari
Cheibriados
Elyvilon
Gozag
Makhleb
Okawaru
Qazlal
Ru
Sif Muna
Trog
Yredelemnul
The Shining One

Shops:
D:4 *

Annotations:
D:9 exclusion: oklob plant, Erolcha
D:11 exclusion: 2 oklob plants


Innate Abilities, Weirdness & Mutations

You reflexively headbutt those who attack you in melee.
You have a pair of horns on your head.
You have claws for feet.


Message History

The orc priest hits the plant but does no damage.
The black bear bites the plant!
The plant is destroyed!
The orc priest hits the plant but does no damage.
The orc priest hits the plant.
The orc priest hits the plant but does no damage.
The orc priest calls down the wrath of Beogh upon you.
Beogh smites you!
* * * LOW HITPOINT WARNING * * *
You see here an electric eel corpse.
You butcher the electric eel corpse.
The orc priest hits the plant but does no damage.
You see here a chunk of flesh.
The orc shouts!
The orc priest mumbles some strange prayers to Beogh against you.
Beogh smites you!
* * * LOW HITPOINT WARNING * * *
The orc priest invokes the aid of Beogh against you.
Beogh smites you!
You die...

...# #.##...#...≈.≈≈≈≈≈ ≈≈≈≈≈≈W≈≈
#..# #.##.#...≈≈.≈≈≈≈≈≈≈≈≈≈≈≈≈C≈≈
#..###.##....o≈P≈≈≈≈≈≈≈≈≈≈≈5oP≈P≈
.......##>.≈oooo≈≈≈≈≈≈≈≈≈≈≈.P.≈.P
#..####....≈ho≈≈≈≈.≈≈≈...........
#..# #....o≈≈≈≈≈≈≈≈.≈≈....##.#.#
#..# ##....≈P≈≈≈≈≈≈≈.....## #...#
...###..≈≈P≈≈≈≈%≈....... ###.#
.......≈.P≈≈≈≈..@.#.###
........≈≈≈≈≈.≈......#
.###.#.##≈≈≈#.....#>.# .#
#...#≈≈≈##......).# .#
#...##≈≈###....##)# .# #.###≈≈##
###.###.# .# #.# #.# #)# .# ###
### #.# ## #.#


You could see an orc warrior, a black bear, 3 orc priests, an orc wizard and 2
orcs.

Vanquished Creatures
  Gastronok (D:9)
  Josephine (D:11)
  A hill giant (D:10)
  An ugly thing (D:11)
  A gargoyle (D:10)
  2 hippogriffs
  A wyvern (D:11)
  A spriggan (D:7)
  4 wraiths
  3 vampire mosquitoes (D:10)
  A water moccasin (D:8)
  An orc warrior (D:10)
  8 ice beasts
  A hornet zombie (D:10)
  3 sky beasts
  5 phantoms
  A necrophage (D:5)
  2 ogres (D:5)
  6 centaurs
  A crocodile (D:7)
  3 big kobolds
  7 bullfrogs
  A water moccasin zombie (D:8)
  2 scorpions
  A water moccasin skeleton (D:9)
  7 killer bees
  5 wights (D:10)
  7 howler monkeys
  4 electric eels (D:11)
  A bullfrog zombie (D:6)
  3 centaur zombies
  4 crimson imps
  A quasit (D:5)
  4 hounds
  2 jellies
  3 centaur skeletons
  4 orc priests
  8 orc wizards
  Jessica (D:3)
  4 iguanas
  3 worker ants
  A hound zombie (D:6)
  A worker ant zombie (D:10)
  12 adders
  4 shadow imps
  3 oozes
  3 worms (D:2)
  A dart slug (D:2)
  6 leopard geckos
  35 orcs
  9 bats
  6 giant cockroaches
  12 goblins
  10 hobgoblins
  8 jackals
  13 kobolds
  5 quokkas
  2 ball pythons
  6 frilled lizards
  2 quokka skeletons
  8 rats
267 creatures vanquished.

Vanquished Creatures (collateral kills)
  A hill giant (D:11)
  An orc wizard (D:11)
2 creatures vanquished.

Vanquished Creatures (others)
  An adder (D:11)
  An orc (D:11)
  14 plants (D:11)
16 creatures vanquished.

Grand Total: 285 creatures vanquished

Notes
Turn   | Place    | Note
-------+----------+-------------------------------------------
     0 | D:1      | dngmouse the Minotaur Transmuter began the quest for the Orb.
     0 | D:1      | Reached XP level 1. HP: 16/16 MP: 1/1
   189 | D:1      | Reached XP level 2. HP: 23/23 MP: 0/3
   193 | D:1      | Learned a level 2 spell: Sticks to Snakes
   339 | D:1      | Reached skill level 4 in Unarmed Combat
  1089 | D:2      | Reached XP level 3. HP: 12/28 MP: 2/4
  2288 | D:2      | Reached XP level 4. HP: 35/35 MP: 3/5
  2452 | D:2      | Reached skill level 5 in Unarmed Combat
  3029 | D:3      | Reached XP level 5. HP: 36/40 MP: 4/6
  3308 | D:3      | Noticed Jessica
  3314 | D:3      | Killed Jessica
  3448 | D:3      | Found a shattered altar of Ashenzari.
  3451 | D:3      | Found a white marble altar of Elyvilon.
  3497 | D:3      | Found a burning altar of Makhleb.
  3499 | D:3      | Noticed a blizzard demon
  3545 | D:4      | Reached skill level 6 in Unarmed Combat
  3545 | D:4      | Reached XP level 6. HP: 29/47 MP: 5/7
  3585 | D:4      | Identified the Catalogue of Evil
  3591 | D:4      | Learned a level 3 spell: Spider Form
  4121 | D:4      | Found Seck's General Store.
  4529 | D:5      | Entered Level 5 of the Dungeon
  4648 | D:5      | Noticed an ice beast
  4684 | D:5      | Killed an ice beast
  4684 | D:5      | Reached skill level 7 in Unarmed Combat
  4684 | D:5      | Reached XP level 7. HP: 37/52 MP: 0/8
  5506 | D:5      | Reached skill level 5 in Dodging
  5506 | D:5      | Reached skill level 8 in Unarmed Combat
  5564 | D:5      | Reached XP level 8. HP: 59/59 MP: 2/9
  6388 | D:6      | Reached skill level 9 in Unarmed Combat
  6643 | D:7      | Found a staircase to the Ecumenical Temple.
  6650 | Temple   | Entered the Ecumenical Temple
  6671 | Temple   | Became a worshipper of Cheibriados the Contemplative
  7131 | D:7      | Got a fine golden amulet
  7136 | D:7      | Identified the amulet "Duchit" {Harm *Drain *Slow +Inv rPois Int+3} (You found it on level 7 of the Dungeon)
  7394 | D:7      | Reached skill level 5 in Transmutations
  7419 | D:7      | Reached skill level 10 in Unarmed Combat
  7419 | D:7      | Reached XP level 9. HP: 49/64 MP: 8/10
  7573 | D:7      | Reached * piety under Cheibriados
  8738 | D:8      | Reached skill level 11 in Unarmed Combat
  8747 | D:8      | Reached ** piety under Cheibriados
  9061 | D:9      | Noticed an oklob plant
  9064 | D:9      | Noticed Erolcha
  9514 | D:9      | Noticed Gastronok
  9802 | D:9      | Found a sacrificial altar of Ru.
 10045 | D:9      | Reached XP level 10. HP: 74/74 MP: 9/11
 10051 | D:9      | Reached *** piety under Cheibriados
 10233 | D:9      | Found a glowing golden altar of the Shining One.
 10292 | D:9      | Killed Gastronok
 10292 | D:9      | Reached skill level 12 in Unarmed Combat
 10526 | D:10     | Entered Level 10 of the Dungeon
 10526 | D:10     | Found a staircase to the Orcish Mines.
 10592 | D:10     | Learned a level 5 spell: Blade Hands
 10818 | D:10     | Noticed a hill giant
 10834 | D:10     | Killed a hill giant
 10900 | D:10     | Reached **** piety under Cheibriados
 10931 | D:10     | Noticed a gargoyle
 10964 | D:10     | Killed a gargoyle
 10964 | D:10     | Reached skill level 5 in Fighting
 11487 | D:11     | Gained mutation: You occasionally shout uncontrollably at your foes. [potion of mutation]
 11487 | D:11     | Gained mutation: Your spells are a little harder to cast, but a little more powerful. [potion of mutation]
 11487 | D:11     | Gained mutation: Your system is resistant to poisons. (rPois) [potion of mutation]
 11489 | D:11     | Lost mutation: You occasionally shout uncontrollably at your foes. [potion of cure mutation]
 11489 | D:11     | Lost mutation: Your spells are a little harder to cast, but a little more powerful. [potion of cure mutation]
 11489 | D:11     | Lost mutation: Your system is resistant to poisons. (rPois) [potion of cure mutation]
 11516 | D:11     | Reached XP level 11. HP: 84/88 MP: 12/12
 11806 | D:11     | Noticed a purple ugly thing
 11819 | D:11     | Killed a purple ugly thing
 11838 | D:11     | Gained mutation: You regenerate slowly when monsters are visible. [mutagenic meat]
 11839 | D:11     | Gained mutation: You evolve. [mutagenic meat]
 11840 | D:11     | Gained mutation: You are agile. (Dex +2) [mutagenic meat]
 11840 | D:11     | Lost mutation: You evolve. [potion of cure mutation]
 11840 | D:11     | Lost mutation: You are agile. (Dex +2) [potion of cure mutation]
 11840 | D:11     | Lost mutation: You regenerate slowly when monsters are visible. [potion of cure mutation]
 11887 | D:11     | Reached skill level 13 in Unarmed Combat
 11888 | D:11     | Noticed Josephine
 11906 | D:11     | Noticed a hill giant
 11907 | D:11     | Killed Josephine
 11912 | D:11     | HP: 1/89 [wraith[Josephine] (12)]
 12257 | D:11     | Found a staircase to the Lair.
 12258 | D:11     | Noticed an oklob plant
 12263 | D:11     | Noticed an oklob plant
 12554 | D:11     | Reached ***** piety under Cheibriados
 12573 | D:11     | Killed a hill giant
 12577 | D:11     | HP: 4/89 [electric eel/bolt of electricity (12)]
 12748 | D:11     | HP: 4/89 [killer bee (4)]
 13132 | D:11     | Killed from afar by an orc priest

Skill      XL: |  1  2  3  4  5  6  7  8  9 10 11 |
---------------+----------------------------------+-----
Unarmed Combat | 4 5 6 7 8 10 11 12 13 | 13.3
Transmutations | 2 3 4 5 6 7 |  7.1
Dodging        | 3 4 5 6 7 8 9 |  9.0
Fighting       | 2 5 |  5.9
Invocations    | 3 4 |  4.5
Spellcasting   | |  1.3

Action                   |  1- 3 |  4- 6 |  7- 9 | 10-12 || total
-------------------------+-------+-------+-------+-------++-------
Melee: Unarmed           |   123 |   141 |   287 |   181 ||   732
       Headbutt          |    12 |    20 |    61 |    54 ||   147
       Kick              |    24 |    19 |    90 |   101 ||   234
       Punch             |       |     4 |    16 |       ||    20
 Cast: Beastly Appendage |    22 |    37 |    57 |    35 ||   151
       Sticks to Snakes  |       |     3 |    26 |    57 ||    86
Invok: Slouch            |       |       |       |     1 ||     1
Evoke: Wand              |       |       |     2 |       ||     2
  Use: Potion            |     4 |       |       |    14 ||    18
       Scroll            |       |       |     1 |    12 ||    13
 Stab: Sleeping          |       |       |     8 |     3 ||    11
       Distracted        |       |       |       |     2 ||     2
  Eat: Chunk             |     5 |     9 |    16 |     7 ||    37
       Fruit             |       |       |     3 |     1 ||     4
       Pizza             |       |       |       |     1 ||     1
       Beef jerky        |       |       |       |     1 ||     1
Armor: Robe              |    17 |    24 |    26 |    20 ||    87
Dodge: Dodged            |    55 |   100 |   212 |   175 ||   542
Block: Buckler           |       |       |    13 |    42 ||    55
